 Dungeon Crawl Stone Soup version 0.17.0-28-g6e173f8 (webtiles) character file.

331 septik the Magician (level 6, -3/32 HPs)
             Began as a Deep Elf Fire Elementalist on Nov 22, 2015.
             Slain by a goblin
             ... wielding a +0 club
             ... led by Robin
              (5 damage)
             ... on level 4 of the Dungeon.
             The game lasted 00:07:27 (2826 turns).

septik the Magician (Deep Elf Fire Elementalist)    Turns: 2826, Time: 00:07:28

Health: -3/32      AC:  2    Str:  5    XL:     6   Next: 26%
Magic:  4/16       EV: 13    Int: 22    God:
Gold:   157        SH:  0    Dex: 15    Spells: 4 memorised, 3 levels left

rFire  . . .     SeeInvis .     h - +0 spear
rCold  + . .     Clarity  .     a - +0 robe
rNeg   . . .     SustAt   .     (no shield)
rPois  .         Gourm    .     (no helmet)
rElec  .         Spirit   .     (no cloak)
rCorr  .         Warding  .     (no gloves)
rMut   .         Stasis   .     (no boots)
MR     .....                    (no amulet)
Stlth  ++........               o - ring of protection from cold
                                n - ring of flight

@: lethally poisoned (-3 -> -24), very slightly contaminated, not resistant to
hostile enchantments, unstealthy
A: no striking features
a: Evoke Flight


You were on level 4 of the Dungeon.
You were not hungry.

You visited 1 branch of the dungeon, and saw 4 of its levels.

You collected 157 gold pieces.

Inventory:

Hand Weapons
 h - a +0 spear (weapon)
Missiles
 t - 98 stones (quivered)
Armour
 a - a +0 robe (worn)
Jewellery
 n - a ring of flight (left hand)
 o - a ring of protection from cold (right hand)
 u - an uncursed ring of ice
Scrolls
 e - 2 scrolls of blinking {unknown}
 f - a scroll of amnesia {unknown}
 i - 6 scrolls of remove curse {unknown}
 j - a scroll of recharging {unknown}
 l - 2 scrolls of identify {unknown}
 m - a scroll of enchant armour {unknown}
 p - 2 scrolls of magic mapping {unknown}
 w - a scroll of random uselessness {unknown}
Potions
 g - 2 potions of lignification {unknown}
 k - a potion of curing {unknown}
 q - a potion of resistance {unknown}
 r - a potion of degeneration {unknown}
 s - 2 potions of heal wounds {unknown}
 v - 3 potions of brilliance {unknown}
 x - 2 potions of agility {unknown}
Books
 b - a book of Flames

   Spells                             Type                      Level
   a - Flame Tongue                   Conjuration/Fire             1
   b - Throw Flame                    Conjuration/Fire             2
   c - Conjure Flame                  Conjuration/Fire             3
   d - Inner Flame                    Hexes/Fire                   3
   e - Sticky Flame                   Conjuration/Fire             4
   f - Fireball                       Conjuration/Fire             5
Comestibles
 c - 6 bread rations
 d - 3 meat rations


   Skills:
 - Level 2.4 Dodging
 - Level 2.4 Stealth
 + Level 5.6 Spellcasting
 * Level 4.0 Conjurations
 + Level 5.3 Fire Magic


You had 3 spell levels left.
You knew the following spells:

 Your Spells              Type           Power        Failure   Level  Hunger
a - Flame Tongue          Conj/Fire      ####.        1%          1    None
b - Conjure Flame         Conj/Fire      ####....     4%          3    ##.....
c - Sticky Flame          Conj/Fire      ####....     14%         4    ####...
d - Fireball              Conj/Fire      ####......   38%         5    #####..


Dungeon Overview and Level Annotations

Branches:
Dungeon (4/15)
 Temple: D:4-7

Altars:

Annotations:
D:4 Robin


Message History

You closely miss the goblin.
You feel sick. The goblin hits you but does no damage.
The goblin hits you with a dagger. The hobgoblin hits you.
* * * LOW HITPOINT WARNING * * *
The goblin barely misses you.
Casting: Sticky Flame
Confirm with . or Enter, or press ? or * to list all spells.
Aiming: Sticky Flame
Press: ? - help, Shift-Dir - straight line, f - goblin
Aim: a goblin, wielding a dagger of venom (consumed by blood-lust)
You miscast Sticky Flame.
You are very lightly contaminated with residual magic.
Your skin tingles.
* * * LOW HITPOINT WARNING * * *
You feel sick. The goblin hits you but does no damage.
You are more poisoned.
The goblin misses you. The hobgoblin hits you.
* * * LOW HITPOINT WARNING * * *
The goblin hits you with a club.
You die...

#.# # #.# .## )#
...########.####
#.#.#.#.#.#.#.##
...gg.........#
.#.#.#g#g#.#<#.#.##
#.
......gg@g........#
#.#
.#.#.#.#g#.#.#.#.##
#.# ########....#
#.# #.#### #.# #.#
#.# #.#
#.################.#
#................#.#
#.##############.#.#


You could see Robin, a hobgoblin (frenzied) and 6 goblins.

Vanquished Creatures
  An orc warrior (D:3)
  A phantom (D:4)
  An orc priest (D:3)
  A worker ant (D:4)
  Natasha (D:4)
  An adder (D:4)
  An ooze (D:2)
  A worm (D:2)
  2 giant geckos
  2 orcs
  A ball python (D:3)
  5 hobgoblins
  2 jackals (D:4)
  6 bats
  5 giant cockroaches
  6 giant newts
  12 goblins
  6 kobolds
  4 rats
59 creatures vanquished.

Notes
Turn   | Place    | Note
--------------------------------------------------------------
     0 | D:1      | septik the Deep Elf Fire Elementalist began the quest for the Orb.
     0 | D:1      | Reached XP level 1. HP: 10/10 MP: 6/6
   353 | D:1      | You fall through a shaft!
   383 | D:2      | Reached XP level 2. HP: 6/15 MP: 1/8
  1104 | D:1      | Reached XP level 3. HP: 19/19 MP: 7/10
  1585 | D:3      | Reached skill level 4 in Fire Magic
  2018 | D:3      | Noticed an orc warrior
  2122 | D:3      | Reached XP level 4. HP: 18/24 MP: 7/12
  2170 | D:3      | Learned a level 3 spell: Conjure Flame
  2175 | D:3      | Learned a level 4 spell: Sticky Flame
  2188 | D:3      | Killed an orc warrior
  2188 | D:3      | Reached XP level 5. HP: 26/28 MP: 0/14
  2292 | D:3      | Learned a level 5 spell: Fireball
  2426 | D:3      | Reached skill level 5 in Spellcasting
  2456 | D:4      | Noticed Natasha
  2459 | D:4      | Killed Natasha
  2481 | D:4      | Reached skill level 5 in Fire Magic
  2636 | D:4      | Noticed a phantom
  2641 | D:4      | Killed a phantom
  2641 | D:4      | Reached XP level 6. HP: 32/32 MP: 9/16
  2814 | D:4      | Noticed Robin
  2826 | D:4      | Slain by a goblin

Action                   |  1- 3 |  4- 6 || total
-------------------------+-------+-------++-------
Melee: Spear             |     4 |     5 ||     9
 Cast: Flame Tongue      |    75 |    26 ||   101
       Sticky Flame      |       |     3 ||     3
       Conjure Flame     |       |     1 ||     1
  Eat: Chunk             |     3 |     3 ||     6
